 Dungeon Crawl Stone Soup version 0.27-a0-334-g52645efa06 (webtiles) character file.

Game seed: 2286706928224467894

42 skwiii the Stinger (level 3, -4/24 HPs)
             Began as a Merfolk Venom Mage on Feb 14, 2021.
             Slain by a kobold
             ... wielding a +0 short sword
              (5 damage)
             ... on level 1 of the Dungeon.
             The game lasted 00:07:28 (1809 turns).

skwiii the Stinger (Merfolk Venom Mage)             Turns: 1809, Time: 00:07:29

Health: -4/24      AC:  2    Str:  7 (8)  XL:     3   Next: 54%
Magic:  0/6        EV: 12    Int: 14 (15) God:
Gold:   37         SH:  0    Dex: 11 (14) Spells: 4/7 levels left

rFire    . . .     SeeInvis .   (no weapon)
rCold    . . .     Faith    .   (no shield)
rNeg     . . .     Spirit   .   a - +0 robe
rPois    .         Reflect  .   (no helmet)
rElec    .         Harm     .   (no cloak)
rCorr    .         Rampage  .   (no gloves)
Will     .....                  (no boots)
Stlth    ++........             (no amulet)
HPRegen  0.08/turn              (no ring)
MPRegen  0.10/turn              (no ring)

@: lethally poisoned (-4 -> -7)
A: change form in water, swift swim, stealthy swim
a: no special abilities


You were on level 1 of the Dungeon.
You visited 1 branch of the dungeon, and saw 2 of its levels.

You collected 37 gold pieces.

Inventory:

Armour
 a - a +0 robe (worn)
Scrolls
 c - a scroll of identify {unknown}


   Skills:
 + Level 3.0 Dodging
 + Level 2.4 Stealth
 * Level 2.6 Spellcasting
 + Level 1.8 Transmutations
 + Level 0.2 Air Magic
 * Level 3.9 Poison Magic


You had 4 spell levels left.
You knew the following spells:

 Your Spells              Type           Power        Failure   Level
a - Sting                 Tmut/Pois      36%          7%          1
b - Poisonous Vapours     Pois/Air       14%          14%         2

Your spell library contained the following spells:

 Spells                   Type           Power        Failure   Level
 Ignite Poison            Fire/Tmut/Pois 7%           30%         3
 Mephitic Cloud           Conj/Pois/Air  5%           36%         3
 Olgreb's Toxic Radiance  Pois           12%          41%         4


Dungeon Overview and Level Annotations

Branches:
Dungeon (2/15)

Altars:


Message History

You feel sick. The adder bites you but does no damage.
The kobold hits you but does no damage.
You hit the adder.
The adder is severely wounded.
The adder closely misses you.
The kobold hits you with a +0 short sword.
The adder misses you.
You barely miss the adder.
The adder is almost dead.
You feel sick. The adder barely misses you. The kobold closely misses you.
You completely miss the adder.
The adder is almost dead.
The adder misses you. The kobold barely misses you.
Aiming: Sting (safe; 7% risk of failure)
Press: ? - help, Q - select action, (/) - cycle Shift-Dir - straight line, f - adder
Aim: an adder (almost dead, poisoned, 47% to evade)
The sting hits the adder.
The adder looks even sicker.
You kill the adder!
The kobold barely misses you.
You feel sick.
You see here an adder corpse.
You feel sick.
The kobold hits you with a +0 short sword.
* * * LOW HITPOINT WARNING * * *
It was a potion of degeneration.
There was something very wrong with that liquid.
You feel weakened.
You feel dopey.
You feel clumsy. The kobold hits you but does no damage.
Unknown command.
The kobold hits you with a +0 short sword.
* * * LOW HITPOINT WARNING * * *
* * * LOW HITPOINT WARNING * * *
You feel sick.
Aiming: Sting (safe; 7% risk of failure)
Press: ? - help, Q - select action, (/) - cycle Shift-Dir - straight line, f - kobold
Aim: a kobold, wielding a +0 short sword (40% to evade)
The sting hits the kobold but does no damage.
The kobold is poisoned.
The kobold hits you with a +0 short sword.
You die...

##.##.....##.####...###.#......##
##....######......###.#.#.##..###
.....########.###.....#.#.###....
.#....................#<#........
.#)..#....)###.#####..###........
##....>####.....####..###.......#
#####.###...###.##...†>..........
# ###.##..### #.##....###.#...#.#
# #...#..######.@K...## #.#.#.#..
# #.###.###.........#####...#..#.
###.# #.##..##.....###.....###.##
)...###.#..###.#..## ####...##.##
#####.....##......# #.#......
##........#.)..#.## #.####...
##...........###.########.# ##..
#..........## #.......##.#####..
####...##.## ##................


You could see a kobold (poisoned).

Vanquished Creatures
  An adder (D:1)
  2 dart slugs (D:1)
  4 bats
  2 giant cockroaches (D:1)
  4 goblins (D:1)
  5 hobgoblins (D:1)
  A frilled lizard (D:1)
  3 kobolds (D:1)
  6 rats (D:1)
28 creatures vanquished.

Notes
Turn   | Place    | Note
-------+----------+-------------------------------------------
     0 | D:1      | skwiii the Merfolk Venom Mage began the quest for the Orb.
     0 | D:1      | Reached XP level 1. HP: 13/13 MP: 3/3
   404 | D:1      | Reached XP level 2. HP: 17/19 MP: 0/5
   477 | D:1      | Learned a level 2 spell: Poisonous Vapours
  1317 | D:1      | Reached XP level 3. HP: 24/24 MP: 0/6
  1807 | D:1      | HP: 1/24 [poisoned by an adder]
  1809 | D:1      | Slain by a kobold

Illustrated notes

Levels and vault maps discovered:
D:1:      amcnicky_arrival_feature_with_door, layout_rooms
D:2:      layout_basic, old_standard_altar, chequers_ecumenical_altar_island,
          grunt_ministairs_13, minmay_vboxes

Skill      XL: |  1  2  3 |
---------------+----------+-----
Dodging        | 3 |  3.0
Stealth        | |  2.4
Spellcasting   | |  2.6
Transmutations | |  1.8
Air Magic      | |  0.2
Poison Magic   | |  3.9

Action                   || total
-------------------------++-------
Melee: Unarmed           ||    14
 Cast: Sting             ||    23
       Poisonous Vapours ||    19
  Use: Potion            ||     1
Armor: Robe              ||    19
Dodge: Dodged            ||    68

Table legend: (Time is in decaauts)
 A = Elapsed time spent in this place.
 B = Non-inter-level travel time spent in this place.
 C = Inter-level travel time spent in this place.
 D = Time resting spent in this place.
 E = Time spent auto-exploring this place.
 F = Levels seen in this place.
 G = Mean time per level.
                   A        B        C        D        E       F      G
               +--------+--------+--------+--------+--------+-----+--------+
         Total |   1811 |   1810 |      1 |   1081 |    307 |   2 |  905.5 |
       Dungeon |   1811 |   1810 |      1 |   1081 |    307 |   2 |  905.5 |
               +--------+--------+--------+--------+--------+-----+--------+

Top non-repeatable levels by time:
     D:1: 1761 daAuts
     D:2: 49 daAuts
